[Event "Titled Tuesday Blitz May 23 Late 2023"]
[White "Rustemov, Alexander"]
[Black "Schnaider, Ilan"]
[WhiteFideId "4119002"]
[BlackFideId "169013"]
[WhiteElo "2864"]
[BlackElo "2224"]
[Result "1/2-1/2"]
[Round "03"]
[TimeControl "180+2"]
[Date "2023.05.23"]
[WhiteClock "0:00:09"]
[BlackClock "0:00:04"]

1. d4 Nf6 2. c4 g6 3. Nf3 Bg7 4. g3 O-O 5. Bg2 d5 6. cxd5 Nxd5 7. O-O Nc6 8. Nc3 e5 9. Bg5 f6 10. Bc1 Nxc3 11. bxc3 e4 12. Nd2 f5 13. Rb1 Rb8 14. f3 exf3 15. Bxf3 Be6 16. Qa4 Bd5 17. Bxd5+ Qxd5 18. Qb3 Qxb3 19. axb3 Rfe8 20. Re1 Re3 21. Bb2 Rbe8 22. Kf2 Bh6 23. Nc4 R3e4 24. d5 Ne5 25. Nxe5 R4xe5 26. c4 Re4 27. Rbd1 Be3+ 28. Kf3 Bc5 29. Rd3 Re3+ 30. Rxe3 Rxe3+ 31. Kg2 Rxb3 32. Be5 Bd6 33. Bd4 b6 34. Rc1 a5 35. c5 bxc5 36. Bxc5 Rb5 37. Bxd6 cxd6 38. Rc7 Rxd5 39. Kf3 g5 40. Ra7 h5 41. h4 f4 42. gxf4 gxh4 43. Kg2 Rd2 44. Rxa5 Rxe2+ 45. Kh3 Rf2 46. Rf5 Kg7 47. Kxh4 Kg6 48. Rg5+ Kf6 49. Rxh5 Rxf4+ 50. Kg3 Rf1 51. Kg2 Rf4 52. Kg3 Ra4 53. Kf3 Ke6 54. Ke3 1/2-1/2


[Site "https://www.chess.com"]

[Event "Titled Tuesday Blitz May 23 Late 2023"]
[White "Talibov, Shiroghlan"]
[Black "Novik, Maxim"]
[WhiteFideId "13429078"]
[BlackFideId "4102924"]
[WhiteElo "2188"]
[BlackElo "2287"]
[Result "1-0"]
[Round "03"]
[TimeControl "180+2"]
[Date "2023.05.23"]
[WhiteClock "0:01:08"]
[BlackClock "0:00:00"]

1. a3 e5 2. c4 Nf6 3. e3 d5 4. cxd5 Nxd5 5. b4 Bd6 6. Bb2 O-O 7. Qb3 Be6 8. Bc4 c6 9. Nc3 Bc7 10. Nf3 Qd7 11. Ne4 b5 12. Bxd5 Bxd5 13. Qc2 Qe7 14. Nc3 Bxf3 15. gxf3 Nd7 16. Rg1 a5 17. bxa5 Rxa5 18. Ne4 Ra6 19. Ng5 g6 20. h4 Nf6 21. Rh1 Nh5 22. Rg1 Rd8 23. Ne4 Qxh4 24. Ke2 f5 25. Ng5 Ba5 26. d3 Qa4 27. Qxa4 bxa4 28. Bxe5 c5 29. Rab1 h6 30. Nh3 Re6 31. f4 Kf7 32. Rb7+ Kg8 33. Rb5 Bb6 34. Rgb1 Ba7 35. Rb7 Ra6 36. Re7 c4 37. d4 1-0


[Site "https://www.chess.com"]

[Event "Titled Tuesday Blitz May 23 Late 2023"]
[White "Krzyzanowski, Marcin"]
[Black "Eugene, Floryan"]
[WhiteFideId "1132199"]
[BlackFideId "20694784"]
[WhiteElo "2471"]
[BlackElo "2369"]
[Result "1-0"]
[Round "03"]
[TimeControl "180+2"]
[Date "2023.05.23"]
[WhiteClock "0:00:10"]
[BlackClock "0:00:23"]

1. e4 c5 2. Nf3 Nc6 3. Nc3 Nf6 4. Bb5 Nd4 5. e5 Nxb5 6. Nxb5 Nd5 7. Ng5 f6 8. exf6 exf6 9. Qe2+ Be7 10. Nd6+ Kf8 11. Qh5 g6 12. Nxh7+ Rxh7 13. Qxh7 Bxd6 14. Qh8+ Ke7 15. Qg7+ Ke6 16. O-O Qe7 17. Qxg6 Be5 18. d3 Kd6 19. c3 Kc6 20. Bd2 b5 21. Rae1 Qd6 22. f4 Bxf4 23. Bxf4 Nxf4 24. Qe4+ Kb6 25. Qxf4 Qxd3 26. Qxf6+ Ka5 27. Qd8+ Ka4 28. b3+ Ka3 29. Qa5+ Kb2 30. Rf2+ 1-0


[Site "https://www.chess.com"]

[Event "Titled Tuesday Blitz May 23 Late 2023"]
[White "Licznerski, Lukasz"]
[Black "Danielyan, Vahe"]
[WhiteFideId "1179250"]
[BlackFideId "13304828"]
[WhiteElo "2453"]
[BlackElo "2423"]
[Result "1-0"]
[Round "03"]
[TimeControl "180+2"]
[Date "2023.05.23"]
[WhiteClock "0:00:06"]
[BlackClock "0:00:00"]

1. e4 c6 2. d4 d5 3. exd5 cxd5 4. Bd3 Nc6 5. c3 Nf6 6. Bf4 Bg4 7. Qb3 e5 8. dxe5 Nh5 9. Be3 Nxe5 10. Bb5+ Nc6 11. Nd2 Bd6 12. Be2 Bxe2 13. Nxe2 O-O 14. Qxd5 Nf6 15. Qf5 Re8 16. Nc4 Ne5 17. Nxe5 Rxe5 18. Qf3 Qe7 19. O-O-O Rc8 20. Rd3 Ne4 21. Rhd1 Ra5 22. Rd4 f5 23. Kb1 Qe6 24. Nc1 Be7 25. Nb3 Ra6 26. Bc1 Rac6 27. R4d3 b6 28. Nd4 Qg6 29. Nxf5 1-0


[Site "https://www.chess.com"]

[Event "Titled Tuesday Blitz May 23 Late 2023"]
[White "Bernabeu Lopez, Carlos Javier"]
[Black "Bakalchuk, Johnatan"]
[WhiteFideId "2235366"]
[BlackFideId "2810301"]
[WhiteElo "2344"]
[BlackElo "2450"]
[Result "1-0"]
[Round "03"]
[TimeControl "180+2"]
[Date "2023.05.23"]
[WhiteClock "0:01:13"]
[BlackClock "0:00:00"]

1. e4 c5 2. Nf3 g6 3. d4 cxd4 4. Nxd4 Bg7 5. c4 Nc6 6. Be3 Nf6 7. Nc3 O-O 8. Be2 b6 9. O-O Bb7 10. f3 e6 11. Rc1 d5 12. Nxc6 Bxc6 13. cxd5 exd5 14. e5 Ne8 15. Bd4 Nc7 16. f4 Ne6 17. Bg4 Re8 18. Bxe6 Rxe6 19. b3 Qh4 20. Qf3 Rd8 21. g3 Qh3 22. Nd1 h5 23. Nf2 Qf5 24. Qd3 Qxd3 25. Nxd3 Bb5 26. Rfd1 Rc6 27. Rxc6 Bxc6 28. Rc1 Bb5 29. Ne1 Bf8 30. Ng2 Ba3 31. Rc7 a6 32. Ne3 Bb4 33. Kf2 Kf8 34. h4 Ba5 35. a3 Bd2 36. Rc2 Bxe3+ 37. Kxe3 1-0


[Site "https://www.chess.com"]

[Event "Titled Tuesday Blitz May 23 Late 2023"]
[White "Remizov, Yaroslav"]
[Black "OPQRC"]
[WhiteFideId "34134015"]
[WhiteElo "2400"]
[BlackElo "2559"]
[Result "1-0"]
[Round "03"]
[TimeControl "180+2"]
[Date "2023.05.23"]
[WhiteClock "0:00:46"]
[BlackClock "0:01:22"]

1. e4 c5 2. Nf3 Nc6 3. d4 cxd4 4. Nxd4 Nf6 5. Nc3 e6 6. Nxc6 bxc6 7. e5 Nd5 8. Ne4 Bb7 9. Be2 Qc7 10. f4 Qb6 11. Qd3 f5 12. exf6 Nxf6 13. Nxf6+ gxf6 14. Be3 Bc5 15. Bh5+ Ke7 16. Bxc5+ Qxc5 17. O-O-O d5 18. Rhe1 Qd6 19. g3 a5 20. Bg4 Bc8 21. Bxe6 Bxe6 22. f5 Qb4 23. Rxe6+ Kf7 24. Rxc6 Rhd8 25. Rc7+ Kg8 26. Qe2 Re8 27. Qh5 1-0


[Site "https://www.chess.com"]

[Event "Titled Tuesday Blitz May 23 Late 2023"]
[White "Safin, Robert"]
[Black "Kravtsiv, Martyn"]
[WhiteFideId "34189120"]
[BlackFideId "14113147"]
[WhiteElo "2295"]
[BlackElo "2695"]
[Result "0-1"]
[Round "03"]
[TimeControl "180+2"]
[Date "2023.05.23"]
[WhiteClock "0:02:17"]
[BlackClock "0:01:16"]

1. e4 e5 2. Nf3 Nc6 3. d4 exd4 4. Nxd4 Nf6 5. Nxc6 bxc6 6. e5 Qe7 7. Qe2 Nd5 8. c4 Ba6 9. b3 g6 10. f4 Bg7 11. Qf2 Nb6 12. c5 Bxf1 13. cxb6 Ba6 14. Ba3 d6 15. bxc7 c5 16. Nc3 O-O 17. O-O-O Qxc7 18. Rxd6 Bb7 19. Nd5 Qa5 20. Kb2 Rfd8 21. Rd1 Rxd6 0-1


[Site "https://www.chess.com"]

[Event "Titled Tuesday Blitz May 23 Late 2023"]
[White "Quispe Arteaga, Gabriel"]
[Black "Chos, Alexey"]
[WhiteFideId "32059809"]
[BlackFideId "14117762"]
[WhiteElo "2274"]
[BlackElo "2234"]
[Result "1-0"]
[Round "03"]
[TimeControl "180+2"]
[Date "2023.05.23"]
[WhiteClock "0:00:37"]
[BlackClock "0:00:00"]

1. c4 d5 2. cxd5 Qxd5 3. Nc3 Qd8 4. Nf3 g6 5. g3 Bg7 6. Bg2 Nf6 7. O-O O-O 8. d3 Nbd7 9. Bf4 c6 10. Rc1 Re8 11. a3 e5 12. Bg5 h6 13. Bd2 Nc5 14. Qc2 e4 15. dxe4 Ncxe4 16. Nxe4 Nxe4 17. Rcd1 Qe7 18. Be3 Bf5 19. Qc1 Kh7 20. Bd4 Nf6 21. e3 Be4 22. b4 Rac8 23. Qb2 b6 24. Rc1 c5 25. Bc3 cxb4 26. axb4 Bh8 27. Bd4 Nd5 28. Bxh8 Rxh8 29. b5 Rhd8 30. Qe5 Rxc1 31. Rxc1 Rd7 32. Rc8 f6 33. Qb8 Qg7 34. Nd4 Ne7 35. Bxe4 Nxc8 36. Qxc8 Rc7 37. Qe8 Re7 38. Bxg6+ Qxg6 39. Qxe7+ 1-0


[Site "https://www.chess.com"]

[Event "Titled Tuesday Blitz May 23 Late 2023"]
[White "Rostovtsev, Dmitry"]
[Black "Taboas Rodriguez, Daniel"]
[WhiteFideId "34278320"]
[BlackFideId "2208466"]
[WhiteElo "2344"]
[BlackElo "2365"]
[Result "1-0"]
[Round "03"]
[TimeControl "180+2"]
[Date "2023.05.23"]
[WhiteClock "0:00:28"]
[BlackClock "0:00:35"]

1. e4 e5 2. Nf3 Nc6 3. Bb5 Nf6 4. d3 d6 5. O-O Bd7 6. c3 g6 7. h3 Bg7 8. Re1 O-O 9. Nbd2 Nh5 10. Nf1 Qe8 11. Ne3 Nf4 12. Nd5 Nxd5 13. exd5 Ne7 14. Bc4 Bb5 15. Bb3 Qd7 16. d4 exd4 17. Nxd4 Ba6 18. Ba4 c6 19. dxc6 Nxc6 20. Bf4 d5 21. Nf3 Rae8 22. Qd2 Qf5 23. Bh6 Re4 24. Bxg7 Kxg7 25. Bc2 Rxe1+ 26. Rxe1 Qd7 27. Bb3 Rd8 28. Ne5 Nxe5 29. Rxe5 d4 30. Rd5 Qxd5 31. Bxd5 Rxd5 32. cxd4 Bb5 33. b3 Bc6 34. Qe3 a6 35. f3 h5 36. h4 Rf5 37. Kf2 Rd5 38. Qc3 Rb5 39. d5+ 1-0


[Site "https://www.chess.com"]

[Event "Titled Tuesday Blitz May 23 Late 2023"]
[White "Bachmann, Axel"]
[Black "Prem, Pranav"]
[WhiteFideId "3700488"]
[BlackFideId "30901057"]
[WhiteElo "2605"]
[BlackElo "1970"]
[Result "1-0"]
[Round "03"]
[TimeControl "180+2"]
[Date "2023.05.23"]
[WhiteClock "0:01:58"]
[BlackClock "0:00:01"]

1. Nf3 d5 2. e3 Nf6 3. c4 e6 4. b3 Be7 5. Bb2 O-O 6. Nc3 b6 7. cxd5 Nxd5 8. Nxd5 Qxd5 9. Qc2 Ba6 10. Qxc7 Bxf1 11. Qxe7 Ba6 12. Qg5 Qxg5 13. Nxg5 Nd7 14. d4 Rac8 15. Kd2 Nf6 16. Rhc1 h6 17. Nf3 Ne4+ 18. Ke1 f6 19. Nd2 Nxd2 20. Kxd2 Kf7 21. e4 Rfd8 22. f3 f5 23. a4 Bb7 24. Ke3 g5 25. a5 Rxc1 26. Bxc1 bxa5 27. Rxa5 f4+ 28. Kd3 a6 29. Ba3 Rc8 30. Bc5 Kf6 31. b4 Bc6 32. Kc4 Bb5+ 33. Rxb5 axb5+ 34. Kxb5 h5 35. Ka6 g4 36. b5 e5 37. b6 exd4 38. Bxd4+ Ke6 39. b7 Rc6+ 40. Ka5 1-0


[Site "https://www.chess.com"]

[Event "Titled Tuesday Blitz May 23 Late 2023"]
[White "Reprintsev, Alexander"]
[Black "Fernandez Guillen, Ernesto J."]
[WhiteFideId "14100541"]
[BlackFideId "3512428"]
[WhiteElo "2218"]
[BlackElo "2429"]
[Result "0-1"]
[Round "03"]
[TimeControl "180+2"]
[Date "2023.05.23"]
[WhiteClock "0:00:10"]
[BlackClock "0:00:16"]

1. e4 e5 2. Nf3 Nc6 3. Bc4 g6 4. c3 Bg7 5. d4 d6 6. Qb3 Qe7 7. Bg5 Nf6 8. dxe5 dxe5 9. Nbd2 O-O 10. O-O-O h6 11. Bh4 a6 12. Bd5 g5 13. Bg3 Nh5 14. Bxc6 bxc6 15. Qc4 Rb8 16. Nb3 Nf4 17. Bxf4 exf4 18. Qxc6 Rb6 19. Qc5 Qxe4 20. Rhe1 Qb7 21. Nfd4 Qxg2 22. Qxc7 Rb7 23. Qd6 Qxf2 24. Re2 Qh4 25. Nc5 Rb5 26. Nxb5 axb5 27. Rde1 f3 28. Re4 f2 29. Rf1 Qh3 30. Rxf2 Bf5 31. Ree2 Bg6 32. Qg3 Qc8 33. Ne4 Qa6 34. a3 b4 35. cxb4 Qc4+ 36. Kb1 Bxe4+ 37. Rxe4 Qxe4+ 38. Ka2 f5 39. Qb3+ Kh8 40. b5 f4 41. b6 Qe3 42. Rc2 Qxb3+ 43. Kxb3 Rb8 44. Kc4 Rxb6 45. Kd5 f3 46. Rf2 g4 47. h3 Rxb2 48. Rf1 h5 49. hxg4 hxg4 50. Ke6 g3 51. Kf7 Rb7+ 52. Kg6 f2 53. Rh1+ Kg8 54. Rd1 Rb6+ 55. Kg5 g2 0-1


[Site "https://www.chess.com"]

[Event "Titled Tuesday Blitz May 23 Late 2023"]
[White "Milikow, Yoav"]
[Black "Kisic, Bozidar"]
[WhiteFideId "2822237"]
[BlackFideId "16500350"]
[WhiteElo "2410"]
[BlackElo "2234"]
[Result "1-0"]
[Round "03"]
[TimeControl "180+2"]
[Date "2023.05.23"]
[WhiteClock "0:01:34"]
[BlackClock "0:00:05"]

1. d4 d5 2. c4 e6 3. Nc3 c5 4. cxd5 cxd4 5. Qa4+ Bd7 6. Qxd4 exd5 7. Qxd5 Nf6 8. Qd1 Nc6 9. Nf3 Bc5 10. e3 Qe7 11. Be2 O-O-O 12. O-O g5 13. Qc2 h5 14. Nxg5 h4 15. Nce4 Bb6 16. Bf3 Rhg8 17. Nxf7 Nxe4 18. Nxd8 Nc5 19. Nxc6 bxc6 20. Qc4 Bh3 21. Qxg8+ 1-0


[Site "https://www.chess.com"]

[Event "Titled Tuesday Blitz May 23 Late 2023"]
[White "cristianserban1"]
[Black "Sieciechowicz, Marcin"]
[BlackFideId "1130170"]
[WhiteElo "2489"]
[BlackElo "2302"]
[Result "0-1"]
[Round "03"]
[TimeControl "180+2"]
[Date "2023.05.23"]
[WhiteClock "0:00:03"]
[BlackClock "0:00:08"]

1. e4 e6 2. d4 d5 3. Bd3 dxe4 4. Bxe4 Nf6 5. Bg5 c5 6. Nf3 Be7 7. Bd3 cxd4 8. Bb5+ Bd7 9. Bxd7+ Qxd7 10. Qxd4 Qxd4 11. Nxd4 h6 12. Bh4 g5 13. Bg3 Ne4 14. Be5 O-O 15. f3 Nd7 16. Bc7 Rac8 17. Ba5 Bf6 18. fxe4 Bxd4 19. Bc3 Bb6 20. Nd2 Nc5 21. Bb4 Rfd8 22. Bxc5 Bxc5 23. Ke2 Bd6 24. c3 f5 25. h3 Bf4 26. Rad1 Kf7 27. Rhf1 Kf6 28. Nb3 Rxd1 29. Rxd1 Ke7 30. exf5 exf5 31. Nd4 Rc5 32. Kf2 Kf6 33. Re1 Be5 34. Nf3 Bc7 35. Nd4 Re5 36. Rxe5 Kxe5 37. Ke3 Bb6 38. Kd3 Bxd4 39. cxd4+ Kd5 40. b3 f4 41. a3 h5 42. a4 g4 43. hxg4 hxg4 44. b4 a6 0-1


[Site "https://www.chess.com"]

[Event "Titled Tuesday Blitz May 23 Late 2023"]
[White "Van Dael, Siem"]
[Black "Riehle, Marco"]
[WhiteFideId "1049771"]
[BlackFideId "12904392"]
[WhiteElo "2336"]
[BlackElo "2462"]
[Result "1-0"]
[Round "03"]
[TimeControl "180+2"]
[Date "2023.05.23"]
[WhiteClock "0:00:39"]
[BlackClock "0:02:19"]

1. d4 d5 2. c4 e6 3. Nf3 Nf6 4. Nc3 c5 5. e3 cxd4 6. exd4 Be7 7. cxd5 Nxd5 8. Bd3 O-O 9. O-O b6 10. Nxd5 Qxd5 11. Qc2 f5 12. Bc4 Qd6 13. Re1 Nc6 14. Qb3 Nxd4 15. Nxd4 Qxd4 16. Bxe6+ Bxe6 17. Rxe6 Kh8 18. Rxe7 a5 19. Be3 Qd8 20. Rb7 a4 21. Qxb6 Qd5 22. Qb5 Qe4 23. Qb4 Qd5 24. Rc7 Rab8 25. Qc3 Rg8 26. Bh6 Rb7 27. Bxg7+ Rxg7 28. Qxg7# 1-0


[Site "https://www.chess.com"]

[Event "Titled Tuesday Blitz May 23 Late 2023"]
[White "Rozman, Levy"]
[Black "Perez Rodriguez, Jennifer"]
[WhiteFideId "2039877"]
[BlackFideId "3507831"]
[WhiteElo "2376"]
[BlackElo "2116"]
[Result "1-0"]
[Round "03"]
[TimeControl "180+2"]
[Date "2023.05.23"]
[WhiteClock "0:02:07"]
[BlackClock "0:01:30"]

1. e4 e5 2. Nc3 Nf6 3. f4 d5 4. fxe5 Nxe4 5. Qf3 f5 6. d3 Nxc3 7. bxc3 d4 8. Qg3 Nc6 9. Be2 Qd5 10. Bf4 dxc3 11. Bf3 Qc5 12. Bh5+ g6 13. Bxg6+ hxg6 14. Qxg6+ Kd8 15. Qf6+ Qe7 16. Qxh8 Nd4 17. Nf3 Nxc2+ 18. Kd1 Ke8 19. Qh5+ Kd7 20. Qxf5+ Kc6 21. Qe4+ Kb6 22. Kxc2 1-0


[Site "https://www.chess.com"]

[Event "Titled Tuesday Blitz May 23 Late 2023"]
[White "Timmermans, Mark"]
[Black "Carlsen, Magnus"]
[WhiteFideId "1026399"]
[BlackFideId "1503014"]
[WhiteElo "2460"]
[BlackElo "2852"]
[Result "0-1"]
[Round "03"]
[TimeControl "180+2"]
[Date "2023.05.23"]
[WhiteClock "0:00:40"]
[BlackClock "0:01:54"]

1. e4 d5 2. exd5 Qxd5 3. Nc3 Qd6 4. Nf3 Nf6 5. d4 a6 6. g3 b5 7. Bg2 Bb7 8. O-O e6 9. Bf4 Qb6 10. Re1 Be7 11. Ne5 Bxg2 12. Kxg2 Qb7+ 13. Qf3 Qxf3+ 14. Kxf3 c6 15. a4 b4 16. Nb1 Nd5 17. Nd2 Nd7 18. Ndc4 Nxe5+ 19. Bxe5 O-O 20. Bd6 Rfd8 21. Bxe7 Nxe7 22. Rad1 Rab8 23. Ke4 f6 24. f4 Kf7 25. Rd3 h5 26. Nd2 Rd5 27. Nb3 Nf5 28. h3 Nd6+ 29. Kf3 Nc4 30. Rb1 Rbd8 31. Ke4 g5 32. fxg5 Rxg5 33. c3 Rdg8 34. Kf4 Rf5+ 35. Ke4 Nd6+ 36. Ke3 Rxg3+ 37. Ke2 Rg2+ 38. Ke3 Nc4+ 39. Ke4 Re2+ 40. Re3 Rxe3# 0-1


[Site "https://www.chess.com"]

[Event "Titled Tuesday Blitz May 23 Late 2023"]
[White "MKlose11"]
[Black "Naroditsky, Daniel"]
[BlackFideId "2026961"]
[WhiteElo "2673"]
[BlackElo "2633"]
[Result "0-1"]
[Round "03"]
[TimeControl "180+2"]
[Date "2023.05.23"]
[WhiteClock "0:00:02"]
[BlackClock "0:00:03"]

1. e4 c5 2. Nc3 a6 3. g3 b5 4. Bg2 Bb7 5. d3 e6 6. Nh3 d6 7. O-O Nd7 8. f4 Ngf6 9. f5 e5 10. g4 h6 11. Nf2 Be7 12. a4 b4 13. Ne2 d5 14. Ng3 Qc7 15. b3 c4 16. exd5 cxb3 17. cxb3 Nxd5 18. Nfe4 Nc3 19. Qf3 Nc5 20. Be3 Nxb3 21. Nf6+ Bxf6 22. Qxb7 Qxb7 23. Bxb7 Rb8 24. Bc6+ Ke7 25. Rae1 Rhc8 26. Bg2 Nxa4 27. d4 Kf8 28. dxe5 Bxe5 29. f6 Bxf6 30. Nh5 Re8 31. Nxf6 gxf6 32. Rxf6 Nc3 33. Bxh6+ Kg8 34. Ref1 Re6 35. g5 Rxf6 36. gxf6 Nd4 37. Kf2 b3 38. Bf4 Rb4 39. Bd2 Ndb5 40. Bf3 b2 41. Rg1+ Kf8 42. Bc6 Ne4+ 43. Bxe4 Rxe4 44. Rb1 Re6 45. Rxb2 Rxf6+ 46. Kg3 Kg7 47. Bb4 Rc6 48. Kf3 Rc4 49. Ke3 f5 50. Kd3 Rh4 51. Ke3 Kf7 52. Rf2 Rxb4 53. Rxf5+ Ke6 54. Rh5 a5 55. Kd3 a4 56. h4 a3 57. Rh6+ Kf5 58. Ra6 Rb2 59. h5 Kg4 60. h6 Rh2 61. Kc4 Nc7 62. Rxa3 Rxh6 63. Ra7 Rc6+ 64. Kd4 Nb5+ 65. Kd5 Nxa7 0-1


[Site "https://www.chess.com"]

[Event "Titled Tuesday Blitz May 23 Late 2023"]
[White "Krallis, Christos"]
[Black "Checa, Nicolas"]
[WhiteFideId "4298896"]
[BlackFideId "2069342"]
[WhiteElo "2243"]
[BlackElo "2507"]
[Result "1/2-1/2"]
[Round "03"]
[TimeControl "180+2"]
[Date "2023.05.23"]
[WhiteClock "0:00:10"]
[BlackClock "0:01:10"]

1. d4 d5 2. c4 c6 3. Nf3 Nf6 4. e3 a6 5. Nc3 Bf5 6. Bd3 Bg6 7. O-O e6 8. b3 Nbd7 9. Bb2 Bb4 10. Ne2 O-O 11. Nf4 Bxd3 12. Nxd3 Bd6 13. Qc1 Re8 14. a4 h6 15. Ba3 Bc7 16. Rd1 Ne4 17. b4 b5 18. cxb5 cxb5 19. a5 Nd6 20. Nfe5 Nxe5 21. Nxe5 Nc4 22. Nxc4 bxc4 23. e4 Rb8 24. e5 Qd7 25. Qc3 Bd8 26. Bc1 Be7 27. Ba3 Rb5 28. Rdb1 Reb8 29. g3 Qe8 30. Rb2 Qf8 31. Rab1 f6 32. Qe3 fxe5 33. Qxe5 Qf6 34. Re2 Qxe5 35. Rxe5 Bxb4 36. Bxb4 Rxb4 37. Rxb4 Rxb4 38. Rxe6 c3 39. Re2 Rxd4 40. Rc2 Rc4 41. Kf1 d4 42. Ke2 Rb4 43. Kd3 Kf7 44. Re2 Rb2 45. Rxb2 cxb2 46. Kc2 Ke6 47. Kxb2 Kd5 48. Kc2 Kc4 49. f4 Kb4 50. g4 Kxa5 51. g5 hxg5 52. fxg5 Kb4 53. h4 a5 54. h5 a4 55. h6 a3 56. hxg7 d3+ 57. Kxd3 a2 58. g8=Q a1=Q 59. Qf8+ Kb5 60. Qf5+ Kc6 61. Ke4 Kd6 62. Qf4+ Ke6 63. Qf5+ Ke7 64. Qe5+ Qxe5+ 65. Kxe5 Kf7 66. Kf5 Kg7 67. g6 Kg8 68. Kg5 Kg7 69. Kh5 Kg8 70. Kh6 Kh8 71. g7+ Kg8 72. Kg6 1/2-1/2


[Site "https://www.chess.com"]

[Event "Titled Tuesday Blitz May 23 Late 2023"]
[White "Paravyan, David"]
[Black "Goroshkov, Maksym"]
[WhiteFideId "4194985"]
[BlackFideId "14142716"]
[WhiteElo "2563"]
[BlackElo "2322"]
[Result "1-0"]
[Round "03"]
[TimeControl "180+2"]
[Date "2023.05.23"]
[WhiteClock "0:02:20"]
[BlackClock "0:00:15"]

1. e4 e5 2. Nf3 d6 3. d4 Bg4 4. dxe5 Nd7 5. Nc3 dxe5 6. Bc4 Ngf6 7. O-O Be7 8. h3 Bh5 9. Re1 O-O 10. a4 c6 11. a5 Qc7 12. g4 Bg6 13. Nh4 Rfd8 14. Qf3 b5 15. axb6 axb6 16. Rxa8 Rxa8 17. Nxg6 hxg6 18. g5 b5 19. Bb3 Nc5 20. gxf6 gxf6 21. Be3 Nxb3 22. cxb3 Kg7 23. Kg2 Rh8 24. Ra1 Qd7 25. Ra7 Qe6 26. Qg4 f5 27. exf5 Qd6 28. Ne4 Qd8 29. Rxe7 Qd4 1-0


[Site "https://www.chess.com"]

[Event "Titled Tuesday Blitz May 23 Late 2023"]
[White "Piesik, Piotr"]
[Black "Ibarra Jerez, Jose Carlos"]
[WhiteFideId "1136194"]
[BlackFideId "2226332"]
[WhiteElo "2299"]
[BlackElo "2638"]
[Result "1/2-1/2"]
[Round "03"]
[TimeControl "180+2"]
[Date "2023.05.23"]
[WhiteClock "0:01:04"]
[BlackClock "0:00:10"]

1. Nf3 d6 2. d4 Nf6 3. Nbd2 Nbd7 4. g3 e5 5. dxe5 dxe5 6. Bg2 e4 7. Ng5 e3 8. fxe3 Ng4 9. Ndf3 Bc5 10. Nxf7 Kxf7 11. Qd5+ Kf8 12. Ng5 Qe7 13. Ne6+ Ke8 14. Nxc7+ Kd8 15. Nxa8 Rf8 16. Bd2 Nxe3 17. Bxe3 Qxe3 18. Rd1 Qf2+ 19. Kd2 Qe3+ 20. Ke1 Qf2+ 21. Kd2 Qe3+ 22. Ke1 Qf2+ 23. Kd2 1/2-1/2


[Site "https://www.chess.com"]

[Event "Titled Tuesday Blitz May 23 Late 2023"]
[White "Fishbein, Alexander"]
[Black "Svane, Frederik"]
[WhiteFideId "2000377"]
[BlackFideId "12923044"]
[WhiteElo "2415"]
[BlackElo "2502"]
[Result "0-1"]
[Round "03"]
[TimeControl "180+2"]
[Date "2023.05.23"]
[WhiteClock "0:00:00"]
[BlackClock "0:00:09"]

1. e4 e5 2. Nf3 d6 3. d4 exd4 4. Nxd4 Nf6 5. Nc3 Be7 6. g3 O-O 7. Bg2 Nc6 8. O-O Bg4 9. f3 Bd7 10. Be3 Nxd4 11. Qxd4 c5 12. Qd2 Bc6 13. Rad1 b5 14. Bf4 b4 15. Ne2 d5 16. e5 Nd7 17. c3 a5 18. g4 Re8 19. Bg3 Nb6 20. f4 Ra7 21. b3 Qa8 22. f5 bxc3 23. Nxc3 d4 24. Nb5 Bxg2 25. Qxg2 Qxg2+ 26. Kxg2 Rb7 27. f6 Nd5 28. a4 Ne3+ 29. Kh3 Nxd1 30. Rxd1 Bf8 31. fxg7 Kxg7 32. Rf1 Re6 33. Rf5 Rd7 34. Be1 f6 35. exf6+ Rxf6 36. Rg5+ Kf7 37. Bxa5 Rf3+ 38. Kg2 Rxb3 39. Rf5+ Kg8 40. Rf2 c4 41. Bb6 d3 42. Be3 c3 43. Nd4 Rxd4 44. Bxd4 d2 45. Rf1 c2 0-1


[Site "https://www.chess.com"]

[Event "Titled Tuesday Blitz May 23 Late 2023"]
[White "Zakhartsov, Vladimir"]
[Black "Adla, Diego"]
[WhiteFideId "4145097"]
[BlackFideId "100072"]
[WhiteElo "2495"]
[BlackElo "2377"]
[Result "1-0"]
[Round "03"]
[TimeControl "180+2"]
[Date "2023.05.23"]
[WhiteClock "0:00:02"]
[BlackClock "0:00:00"]

1. e4 e5 2. Nf3 Nc6 3. Nc3 Nf6 4. a3 d5 5. Bb5 Nxe4 6. Qe2 Nxc3 7. Qxe5+ Be7 8. Qxc3 O-O 9. Bxc6 bxc6 10. d4 Bd6 11. O-O Bf5 12. Ne5 Qh4 13. h3 f6 14. Nxc6 Kh8 15. Bd2 g5 16. Qf3 Bd7 17. Qxd5 g4 18. Kh1 Rae8 19. Bb4 Be6 20. Qe4 f5 21. Qd3 Bd5 22. Ne5 gxh3 23. Kh2 hxg2+ 24. Qh3 Qxh3+ 25. Kxh3 gxf1=Q+ 26. Rxf1 Bxb4 27. axb4 Kg7 28. Ra1 Ra8 29. Ra5 Be6 30. Ra6 Bc8 31. Rc6 f4+ 32. Kh4 Kg8 33. Rxc7 Rf6 34. Kg5 Rb6 35. c3 Be6 36. Kxf4 Rf8+ 37. Ke3 a5 38. bxa5 Rxb2 39. f4 Ra2 40. Rc6 Bf5 41. a6 Ra8 42. d5 R8xa6 43. Rc7 Rc2 44. c4 Ra3+ 45. Kd4 Rd2+ 46. Kc5 Rf2 47. Kd6 Rxf4 48. c5 Rd4 49. Nc6 Re4 50. Ne7+ Rxe7 51. Rxe7 h5 52. c6 Rc3 53. c7 h4 54. Re5 Bh3 55. Rh5 Rc4 56. Ke5 Kg7 57. d6 Kg6 58. Rh8 Bd7 59. Kd5 Rc1 60. Rxh4 Kf6 61. Rf4+ Kg7 62. Rf2 Kg6 63. Rf8 Kg7 64. Rd8 Bg4 65. d7 Rxc7 66. Rg8+ Kf6 67. d8=Q+ 1-0


[Site "https://www.chess.com"]

[Event "Titled Tuesday Blitz May 23 Late 2023"]
[White "Cordova, Emilio"]
[Black "Bagrationi, Alexander"]
[WhiteFideId "3801497"]
[BlackFideId "14104954"]
[WhiteElo "2607"]
[BlackElo "2398"]
[Result "1-0"]
[Round "03"]
[TimeControl "180+2"]
[Date "2023.05.23"]
[WhiteClock "0:01:48"]
[BlackClock "0:00:26"]

1. d4 d5 2. c4 e6 3. Nc3 Nf6 4. Nf3 c6 5. g3 Nbd7 6. Bg2 Be7 7. O-O O-O 8. a4 b6 9. b3 Ba6 10. Nd2 Rc8 11. Bb2 c5 12. Nb5 Bxb5 13. axb5 Qc7 14. e3 cxd4 15. exd4 Bb4 16. Ra4 Qd6 17. f4 Rc7 18. Nf3 dxc4 19. bxc4 Rxc4 20. Qb3 Rfc8 21. Ne5 Nxe5 22. fxe5 Qe7 23. exf6 gxf6 24. Bc6 1-0


[Site "https://www.chess.com"]

[Event "Titled Tuesday Blitz May 23 Late 2023"]
[White "cryptoguru02"]
[Black "Keymer, Vincent"]
[BlackFideId "12940690"]
[WhiteElo "2570"]
[BlackElo "2669"]
[Result "0-1"]
[Round "03"]
[TimeControl "180+2"]
[Date "2023.05.23"]
[WhiteClock "0:00:00"]
[BlackClock "0:00:13"]

1. d4 Nf6 2. c4 e6 3. Nc3 Bb4 4. Qc2 O-O 5. Nf3 d6 6. Bd2 b6 7. e4 c5 8. Bd3 Nc6 9. d5 Nd4 10. Nxd4 cxd4 11. Ne2 Bxd2+ 12. Qxd2 e5 13. O-O a5 14. b3 Nd7 15. Rab1 Nc5 16. f3 f5 17. Ng3 f4 18. Ne2 Rf6 19. g4 Rg6 20. Rf2 Qh4 21. Rg2 h5 22. Nxf4 exf4 23. e5 Rg5 24. e6 hxg4 25. Qxf4 Nxd3 26. Qf7+ Kh7 27. fxg4 Ne5 28. Qf4 Rxg4 29. Qf5+ g6 30. Rxg4 Qxg4+ 31. Qxg4 Nxg4 32. Rd1 Ne5 33. Rxd4 Nf3+ 34. Kf2 Nxd4 0-1


[Site "https://www.chess.com"]